 Dungeon Crawl Stone Soup version 0.20.0-15-g7f486f2 (webtiles) character file.

280 StormFighter the Sneak (level 6, -12/28 HPs)
             Began as a Spriggan Enchanter on June 15, 2017.
             Mangled by Scuka's ghost (15 damage)
             ... on level 3 of the Dungeon.
             The game lasted 00:12:11 (3581 turns).

StormFighter the Sneak (Spriggan Enchanter)         Turns: 3581, Time: 00:12:12

Health: -12/28     AC:  2    Str:  4    XL:     6   Next: 5%
Magic:  2/14       EV: 18    Int: 18    God:
Gold:   256        SH:  0    Dex: 17    Spells: 6/15 levels left

rFire    . . .     SeeInvis +   a - +1 dagger
rCold    . . .     Gourm    .   (shield restricted)
rNeg     . . .     Faith    .   b - +0 robe
rPois    .         Spirit   .   (helmet restricted)
rElec    .         Reflect  .   (no cloak)
rCorr    .         Harm     .   (gloves unavailable)
MR       +....                  (boots unavailable)
Stlth    +++.......             (no amulet)
Regen    0.1/turn               (no ring)
MPRegen  0.2/turn               (no ring)

@: very quick
A: unfitting armour, see invisible, herbivore 3, speed 3, slow metabolism 2
a: no special abilities


You were on level 3 of the Dungeon.
You were not hungry.

You visited 1 branch of the dungeon, and saw 3 of its levels.

You collected 256 gold pieces.

Inventory:

Hand Weapons
 a - a +1 dagger (weapon)
Armour
 b - a +0 robe (worn)
Magical Staves
 r - an uncursed staff of wizardry
Jewellery
 o - an uncursed ring of protection from magic {unknown}
Scrolls
 e - 4 scrolls of remove curse {unknown}
 f - a scroll of noise {unknown}
 g - a scroll of fear {unknown}
 i - a scroll of recharging {unknown}
 k - a scroll of teleportation {unknown}
 n - 2 scrolls of identify {unknown}
 p - a scroll of random uselessness {unknown}
 q - a scroll of magic mapping {unknown}
Potions
 h - 2 potions of mutation {unknown}
 j - a potion of agility {unknown}
 l - 2 potions of might {unknown}
 s - a potion of haste {unknown}
 u - a potion of cancellation {unknown}
Books
 c - a book of Maledictions

   Spells                             Type                      Level
   a - Corona                         Hexes                        1
   b - Ensorcelled Hibernation        Hexes/Ice                    2
   c - Confuse                        Hexes                        3
   d - Tukima's Dance                 Hexes                        3
   e - Dazzling Spray                 Conjuration/Hexes            3
 m - a book of Cantrips

   Spells                             Type                      Level
   a - Confusing Touch                Hexes                        1
   b - Animate Skeleton               Necromancy                   1
   c - Summon Small Mammal            Summoning                    1
   d - Apportation                    Translocation                1
Comestibles
 d - a bread ration
 t - a royal jelly


   Skills:
 - Level 1.1 Short Blades
 - Level 3.0 Dodging
 + Level 6.5 Stealth
 * Level 5.0 Spellcasting
 * Level 5.9 Hexes


You had 6 spell levels left.
You knew the following spells:

 Your Spells              Type           Power        Failure   Level  Hunger
a - Corona                Hex            ####...      1%          1    None
b - Ensorcelled Hibernat  Hex/Ice        ###...       6%          2    #......
c - Confuse               Hex            ####....     3%          3    ##.....
d - Tukima's Dance        Hex            ####....     3%          3    ##.....


Dungeon Overview and Level Annotations

Branches:
Dungeon (3/15)

Altars:
Cheibriados

Annotations:
D:3 Scuka's ghost, amateur TrHu


Innate Abilities, Weirdness & Mutations

You are very small and have problems with some larger weapons.
You are too small for most types of armour.
You have supernaturally acute eyesight. (SInv)
You are a herbivore.
You cover ground extremely quickly.
You need consume almost no food.


Message History

You hit Scuka's ghost but do no damage.
Scuka's ghost is heavily damaged.
You hit Scuka's ghost but do no damage.
Scuka's ghost is heavily damaged.
Scuka's ghost hits you!
* * * LOW HITPOINT WARNING * * *
You hit Scuka's ghost but do no damage.
Scuka's ghost is heavily damaged.
You hit Scuka's ghost but do no damage.
Scuka's ghost is heavily damaged.
Scuka's ghost misses you.
You hit Scuka's ghost but do no damage.
Scuka's ghost is heavily damaged.
You hit Scuka's ghost but do no damage.
Scuka's ghost is heavily damaged.
You hit Scuka's ghost but do no damage.
Scuka's ghost is heavily damaged.
Scuka's ghost seems less confused.
Scuka's ghost hits you!
Ouch! That really hurt!
You die...

#......# ##..
#......######### #..#
###.##.........# #.##
#.##########.###.##
#.# #....... #.#
###.###. #.# #.# ##
#.## ###.# #.@#
###...# #
##W#######...######
#.#.W...W.### #...
#####.#.####### #.##
#.........# #.##
#.........# #.#
#.........# #.#
#####...###########.##
#.................


You could see Scuka's ghost.

Vanquished Creatures
  A sky beast (D:3)
  Natasha (thrice) (D:3)
  2 adders
  An ooze (D:2)
  2 worms (D:2)
  4 dart slugs
  2 leopard geckos
  5 orcs
  2 ball pythons
  7 giant cockroaches
  7 goblins
  5 hobgoblins
  5 jackals
  8 kobolds
  A quokka (D:3)
  8 bats
  4 frilled lizards
  5 rats
72 creatures vanquished.

Notes
Turn   | Place    | Note
-------+----------+-------------------------------------------
     0 | D:1      | StormFighter the Spriggan Enchanter began the quest for the Orb.
     0 | D:1      | Reached XP level 1. HP: 9/9 MP: 5/5
   318 | D:1      | Reached XP level 2. HP: 5/13 MP: 3/6
   527 | D:1      | Learned a level 2 spell: Ensorcelled Hibernation
   974 | D:2      | Reached XP level 3. HP: 13/16 MP: 5/8
   990 | D:1      | Reached skill level 5 in Stealth
  1200 | D:3      | Noticed a sky beast
  1334 | D:2      | Learned a level 3 spell: Confuse
  1338 | D:2      | Learned a level 3 spell: Tukima's Dance
  1567 | D:2      | Reached XP level 4. HP: 9/21 MP: 7/10
  1756 | D:2      | Found a snail-covered altar of Cheibriados.
  1840 | D:3      | Noticed Scuka's ghost (amateur TrHu)
  2173 | D:3      | Killed a sky beast
  2173 | D:3      | Reached skill level 6 in Stealth
  2173 | D:3      | Reached skill level 5 in Hexes
  2173 | D:3      | Reached XP level 5. HP: 16/24 MP: 2/12
  2243 | D:3      | Noticed Jessica
  2358 | D:3      | Noticed Natasha
  2362 | D:3      | Killed Natasha
  3214 | D:3      | Noticed Natasha
  3230 | D:3      | Killed Natasha
  3303 | D:3      | Noticed Natasha
  3312 | D:3      | Killed Natasha
  3312 | D:3      | Reached skill level 5 in Spellcasting
  3312 | D:3      | Reached XP level 6. HP: 28/28 MP: 10/14
  3581 | D:3      | Mangled by Scuka's ghost

Skill      XL: |  1  2  3  4  5 |
---------------+----------------+-----
Spellcasting   | 3 4 5 |  5.0
Hexes          | 4 5 |  5.9
Stealth        | 5 6 |  6.5
Short Blades   | |  1.1
Dodging        | |  3.0

Action                   |  1- 3 |  4- 6 || total
-------------------------+-------+-------++-------
Melee: Dagger            |   103 |   147 ||   250
 Cast: Corona            |    20 |    15 ||    35
       Ensorcelled Hiber |    13 |    33 ||    46
       Confuse           |       |    15 ||    15
 Stab: Sleeping          |    25 |    15 ||    40
       Confused          |       |     5 ||     5
  Eat: Bread ration      |       |     1 ||     1
Armor: Robe              |     3 |    19 ||    22
Dodge: Dodged            |    82 |   143 ||   225
